 Dungeon Crawl Stone Soup version 0.28.0 (webtiles) character file.

Game seed: 18253803660559153734

8889 flyleaff the Thaumaturge (level 11, -2/129 HPs)
             Began as a Gnoll Wanderer on Feb 10, 2022.
             Was a High Priest of Cheibriados.
             Slain by a steam dragon (3 damage)
             ... on level 9 of the Dungeon on Feb 11, 2022.
             The game lasted 00:52:25 (11464 turns).

flyleaff the Thaumaturge (Gnoll Wanderer)          Turns: 11464, Time: 00:52:25

Health: -2/129     AC: 25    Str: 27    XL:     11   Next: 37%
Magic:  0/23       EV:  2    Int: 31    God:    Cheibriados [*****.]
Gold:   1286       SH:  7    Dex: 27    Spells: 3/26 levels left

rFire   + . .      SeeInvis .   c - +3 flail (vorpal)
rCold   x . .      Faith    .   w - +0 buckler
rNeg    + . .      Spirit   +   (armour currently unavailable)
rPois   +          Reflect  .   (helmet currently unavailable)
rElec   .          Harm     .   (cloak currently unavailable)
rCorr   .          Rampage  .   (gloves currently unavailable)
Will    .....      Clarity  +   (boots currently unavailable)
Stlth   ++++...... NoTele   +   d - amulet of guardian spirit
HPRegen 0.31/turn               h - ring of positive energy
MPRegen 0.18/turn               b - ring of fire

@: tree-form, very slow
A: stationary, stasis, torment immunity, boosted hp, (fangs 1), strong nose,
distributed training, agile 1, clarity, strong 1
a: Renounce Religion, Bend Time, Temporal Distortion, Slouch, Step From Time


You were on level 9 of the Dungeon.
You worshipped Cheibriados.
Cheibriados was extremely pleased with you.
You were a tree.
You visited 1 branch of the dungeon, and saw 9 of its levels.
You also visited: Ossuary and Bailey.

You collected 1471 gold pieces.
You spent 180 gold pieces at shops.
You donated 5 gold pieces to Zin.

Inventory:

Hand Weapons
 a - a +6 mace
 c - a +3 vorpal flail (weapon)
 C - the +10 hand axe of Rueclecw {antimagic, rPois}
   (You took it off an orc sorcerer in a bailey)

   It reduces the magical energy of the wielder, and disrupts the spells and
   magical abilities of those it strikes.
   Natural abilities and divine invocations are not affected.
   rPois:     It protects you from poison.
Missiles
 g - 168 arrows
 k - 3 atropa-tipped darts
 q - 55 sling bullets
 v - a curare-tipped dart
 B - 10 boomerangs (quivered)
 G - a throwing net
 K - 23 bolts
Armour
 e - a +0 helmet (melded)
 f - a +0 pair of gloves (melded)
 l - a +2 robe of positive energy
 w - a +0 buckler (worn)
 A - a +0 pair of boots (melded)
 H - the +1 ring mail of Asceticism (melded) {rPois SInv}
   (You took it off a goblin in a bailey)

   rPois:     It protects you from poison.
   SInv:      It lets you see invisible.
 I - a +3 scale mail
 J - a +3 leather armour
 M - +0 acid dragon scales
Jewellery
 b - a ring of fire (right branch)
 d - an amulet of guardian spirit (around neck)
 h - a ring of positive energy (left branch)
Wands
 m - a wand of iceblast (6)
 n - a wand of polymorph (7)
 p - a wand of flame (55)
 s - a wand of mindburst (13)
 F - a wand of charming (9)
Scrolls
 i - 3 scrolls of fog
 u - 3 scrolls of immolation
 y - 3 scrolls of amnesia
 E - 2 scrolls of magic mapping
Potions
 j - 3 potions of invisibility
 o - 3 potions of lignification
 r - a potion of ambrosia
 x - a potion of attraction
 z - a potion of cancellation
 D - 5 potions of flight
 L - 2 potions of mutation


   Skills:
 + Level 7.8 Fighting
 + Level 6.2 Short Blades
 + Level 6.2 Long Blades
 + Level 6.2 Axes
 + Level 7.8 Maces & Flails
 + Level 6.2 Polearms
 + Level 6.2 Staves
 + Level 6.2 Slings
 + Level 6.2 Bows
 + Level 6.2 Crossbows
 + Level 6.2 Throwing
 + Level 6.2 Armour
 + Level 6.8 Dodging
 + Level 6.2 Stealth
 + Level 6.2 Shields
 + Level 6.2 Unarmed Combat
 + Level 8.1 Spellcasting
 + Level 5.1 Conjurations
 + Level 5.1 Hexes
 + Level 5.1 Summonings
 + Level 5.1 Necromancy
 + Level 5.1 Translocations
 + Level 5.1 Transmutations
 + Level 6.5 Fire Magic
 + Level 5.1 Ice Magic
 + Level 5.1 Air Magic
 + Level 5.1 Earth Magic
 + Level 5.1 Poison Magic
 + Level 7.4 Invocations
 + Level 6.2 Evocations


You had 3 spell levels left.
You knew the following spells:

 Your Spells              Type           Power      Damage    Failure   Level
a - Foxfire               Conj/Fire      100%       2x1d9     1%          1
b - Ignite Poison         Fire/Tmut/Pois 63%        N/A       1%          3
c - Magic Dart            Conj           100%       1d8       1%          1
d - Call Imp              Summ           44%        N/A       1%          2
e - Mephitic Cloud        Conj/Pois/Air  44%        N/A       1%          3
f - Stone Arrow           Conj/Erth      88%        3d12      1%          3
g - Iron Shot             Conj/Erth      22%        9d5       67%         6
h - Flame Wave            Conj/Fire      65%        2d12      4%          4

Your spell library contained the following spells:

 Spells                   Type           Power      Damage    Failure   Level
 Pain                     Necr           100%       1d9       1%          1
 Sandblast                Erth           88%        2d18      1%          1
 Passwall                 Tmut/Erth      36%        N/A       1%          2
 Scorch                   Fire           100%       2d10      1%          2
 Hailstorm                Conj/Ice       44%        3d10      6%          4
 Ice Form                 Ice/Tmut       44%        N/A       6%          4
 Iskenderun's Mystic Bla  Conj/Tloc      44%        2d10      6%          4
 Simulacrum               Ice/Necr       22%        N/A       67%         6
 Summon Cactus Giant      Summ           22%        N/A       67%         6


Dungeon Overview and Level Annotations

Branches:
Dungeon (9/15)             Temple (0/1) D:6             Orc (0/2) D:9
Ossuary (visited)          Bailey (visited)
   Lair: D:8-11

Altars:
Cheibriados
Dithmenos
Kikubaaqudgha
Trog
Zin

Shops:
D:1 *


Innate Abilities, Weirdness & Mutations

You are a tree.
Your roots penetrate the ground, keeping you stationary.
You cannot be teleported.
You are immune to unholy pain and torment.
Your maximum health is greatly increased.
Your equipment is partially melded.
((You have very sharp teeth.))
Your uncanny sense of smell can sniff out nearby items.
Your experience applies equally to all skills.
You are agile. (Dex +2)
You possess an exceptional clarity of mind.
Your muscles are strong. (Str +2)


Message History

The water nymph's watery aura covers the stone staircase leading up.
Splash!
You fall into the shallow water.
Moving in this stuff is going to be slow.
A steam dragon comes into view.
The steam dragon hisses angrily.
Okay, then.
You feel better. You block the water nymph's attack.
Splash!
You fall into the shallow water.
Moving in this stuff is going to be slow.
You block the water nymph's attack.
Found a book of Spatial Translocations.
You block the water nymph's attack.
Splash!
You fall into the shallow water.
Moving in this stuff is going to be slow.
The water nymph points at you and mumbles some strange words.
The water swirls and strikes you!
* * * LOW HITPOINT WARNING * * *
You block the water nymph's attack. x2
Found a shadowy altar of Dithmenos.
The water nymph touches you. The water nymph drowns you!
* * * LOW HITPOINT WARNING * * *
Splash!
You fall into the shallow water.
Moving in this stuff is going to be slow.
Okay, then.
Really quaff the potion of lignification?
You turn into a tree.
Your +0 helmet melds into your body.
Your +0 pair of gloves melds into your body.
Your +0 pair of boots melds into your body.
The +1 ring mail of Asceticism {rPois SInv} melds into your body.
Your roots penetrate the ground.
The water nymph points at you and mumbles some strange words.
The water swirls and strikes you.
* * * LOW HITPOINT WARNING * * *
You sock the steam dragon!
The steam dragon is severely wounded.
The steam dragon bites you.
You die...

....).#...(..####....§§
.........<#...##........
.....)..#.)...........§_
........##..............
.....#................#
.....##......≈≈≈.....#
....###.....≈≈≈≈≈....#
.<..##.......≈≈mD..###
...##.........≈≈♣.^#
.......#..#.......##
.......#.##........#
..#...... #..........
####...##.........:...
..................#
##..#............##
.....#......#


You could see a water nymph and a steam dragon.

Vanquished Creatures
  Erica (D:8)
  A two-headed ogre (D:8)
  3 orc knights (Bailey)
  An orc sorcerer (Bailey)
  Sigmund (D:2)
  A wraith (D:9)
  A steam dragon (D:8)
  Edmund (D:5)
  An acid dragon (D:8)
  A water moccasin (D:6)
  Duvessa (D:6)
  2 sky beasts
  11 orc warriors
  2 black bears
  3 ice beasts
  A necrophage (D:5)
  An ogre (D:5)
  2 centaurs
  2 phantoms
  A bullfrog (D:8)
  4 scorpions
  A gnoll sergeant (D:8)
  A wyvern zombie (D:8)
  7 water moccasin zombies (Ossuary)
  2 wyvern skeletons (D:7)
  A water moccasin skeleton (D:4)
  Dowan (D:6)
  4 killer bees (D:8)
  2 howler monkeys
  11 wights
  5 electric eels
  A centaur zombie (D:8)
  2 hounds
  4 jellies
  A bullfrog skeleton (D:5)
  A centaur skeleton (D:7)
  5 orc priests
  Jessica (D:2)
  7 orc wizards
  Ijyb (D:3)
  Natasha (thrice) (D:2)
  A killer bee zombie (D:8)
  2 mummies (Ossuary)
  2 howler monkey zombies (D:5)
  5 gnolls
  8 adders
  2 howler monkey skeletons
  6 adder zombies (Ossuary)
  2 worms
  2 dart slugs
  45 orcs
  8 ball pythons
  4 endoplasms
  2 giant cockroaches
  24 goblins
  8 hobgoblins
  2 kobolds
  4 quokkas
  5 bats
  6 frilled lizards
  5 gnoll zombies (Ossuary)
  5 hobgoblin zombies (Ossuary)
  5 kobold zombies (Ossuary)
  2 orc zombies (Ossuary)
  10 rats
268 creatures vanquished.

Vanquished Creatures (others)
  235 foxfires
  12 plants (D:3)
247 creatures vanquished.

Grand Total: 515 creatures vanquished

Notes
Turn   | Place    | Note
-------+----------+-------------------------------------------
     0 | D:1      | flyleaff the Gnoll Wanderer began the quest for the Orb.
     0 | D:1      | flyleaff set off with the following items: a +3 mace, a +0
                  | robe; and the following spell memorised: Foxfire; and the
                  | following spells available to memorise: Ignite Poison
     0 | D:1      | Reached XP level 1. HP: 20/20 MP: 6/6
    23 | D:1      | Found a faded altar of an unknown god.
    98 | D:1      | Reached XP level 2. HP: 16/26 MP: 3/7
   648 | D:1      | Found Poov's General Store.
   969 | D:1      | Reached XP level 3. HP: 28/31 MP: 7/9
  1270 | D:1      | Prayed at the altar of an unknown god.
  1270 | D:1      | Became a worshipper of Zin the Law-Giver
  1270 | D:1      | Reached * piety under Zin
  1286 | D:2      | Reached skill level 5 in Spellcasting
  1307 | D:2      | Learned a level 3 spell: Ignite Poison
  1342 | D:2      | Found a snail-covered altar of Cheibriados.
  1342 | D:2      | Noticed Jessica
  1442 | D:1      | Bought a scroll of identify for 24 gold pieces
  1576 | D:2      | Noticed Natasha
  1582 | D:2      | Killed Natasha
  1583 | D:2      | Reached skill level 1 in Short Blades
  1583 | D:2      | Reached skill level 1 in Long Blades
  1583 | D:2      | Reached skill level 1 in Axes
  1583 | D:2      | Reached skill level 1 in Polearms
  1583 | D:2      | Reached skill level 1 in Staves
  1583 | D:2      | Reached skill level 1 in Slings
  1583 | D:2      | Reached skill level 1 in Bows
  1583 | D:2      | Reached skill level 1 in Crossbows
  1583 | D:2      | Reached skill level 1 in Throwing
  1583 | D:2      | Reached skill level 1 in Armour
  1583 | D:2      | Reached skill level 1 in Stealth
  1583 | D:2      | Reached skill level 1 in Shields
  1583 | D:2      | Reached skill level 1 in Unarmed Combat
  1583 | D:2      | Reached skill level 1 in Evocations
  1583 | D:2      | Reached XP level 4. HP: 28/38 MP: 9/11
  1586 | D:2      | Noticed Natasha
  1597 | D:2      | Killed Natasha
  1614 | D:2      | Noticed Natasha
  1621 | D:2      | Killed Natasha
  1622 | D:2      | Reached skill level 1 in Conjurations
  1622 | D:2      | Reached skill level 1 in Hexes
  1622 | D:2      | Reached skill level 1 in Summonings
  1622 | D:2      | Reached skill level 1 in Necromancy
  1622 | D:2      | Reached skill level 1 in Translocations
  1622 | D:2      | Reached skill level 1 in Transmutations
  1622 | D:2      | Reached skill level 1 in Ice Magic
  1622 | D:2      | Reached skill level 1 in Air Magic
  1622 | D:2      | Reached skill level 1 in Earth Magic
  1622 | D:2      | Reached skill level 1 in Poison Magic
  1896 | D:2      | Noticed Sigmund
  1945 | D:2      | Reached XP level 5. HP: 43/43 MP: 12/12
  1953 | D:2      | Killed Jessica
  2108 | D:2      | Fell from the grace of Zin
  2108 | D:2      | Became a worshipper of Cheibriados the Contemplative
  2288 | D:2      | Killed Sigmund
  2289 | D:2      | Reached skill level 5 in Fighting
  2289 | D:2      | Reached skill level 5 in Maces & Flails
  2289 | D:2      | Reached XP level 6. HP: 50/51 MP: 11/14
  2913 | D:3      | Reached * piety under Cheibriados
  2914 | D:3      | Reached XP level 7. HP: 56/56 MP: 15/15
  2994 | D:3      | Found an ancient bone altar of Kikubaaqudgha.
  3362 | D:3      | Noticed Ijyb
  3368 | D:3      | Killed Ijyb
  3577 | D:4      | Found a sand-covered staircase.
  3585 | Ossuary  | Entered an ossuary
  3698 | Ossuary  | Reached ** piety under Cheibriados
  3914 | Ossuary  | Reached XP level 8. HP: 40/63 MP: 9/16
  4398 | D:1      | Bought a potion of haste for 120 gold pieces
  4398 | D:1      | Bought a potion of curing for 36 gold pieces
  4553 | D:4      | Reached skill level 6 in Spellcasting
  4994 | D:4      | Reached *** piety under Cheibriados
  5312 | D:5      | Entered Level 5 of the Dungeon
  5584 | D:5      | Gained mutation: You passively map a small area around you.
                  | [potion of mutation]
  5584 | D:5      | Gained mutation: You have sharp toenails. [potion of
                  | mutation]
  5584 | D:5      | Gained mutation: You are dopey. (Int -2) [potion of
                  | mutation]
  5599 | D:5      | Lost mutation: You passively map a small area around you.
                  | [potion of mutation]
  5599 | D:5      | Lost mutation: You have sharp toenails. [potion of
                  | mutation]
  5599 | D:5      | Gained mutation: Your body sometimes deteriorates upon
                  | taking damage. [potion of mutation]
  5628 | D:5      | Lost mutation: You are dopey. (Int -2) [potion of mutation]
  5628 | D:5      | Lost mutation: Your body sometimes deteriorates upon taking
                  | damage. [potion of mutation]
  5628 | D:5      | Gained mutation: You have hidden genetic potential. [potion
                  | of mutation]
  5628 | D:5      | Gained mutation: Your muscles are strong. (Str +2) [potion
                  | of mutation]
  6017 | D:5      | Noticed Edmund
  6055 | D:5      | Killed Edmund
  6295 | D:5      | Reached skill level 5 in Fire Magic
  6295 | D:5      | Reached skill level 5 in Invocations
  6295 | D:5      | Reached XP level 9. HP: 65/69 MP: 16/18
  6322 | D:5      | Found a bloodstained altar of Trog.
  6344 | D:5      | Learned a level 1 spell: Magic Dart
  6347 | D:5      | Learned a level 2 spell: Call Imp
  6351 | D:5      | Learned a level 3 spell: Mephitic Cloud
  6671 | D:6      | Noticed Duvessa
  6671 | D:6      | Noticed Dowan
  6678 | D:6      | Killed Dowan
  6689 | D:6      | Killed Duvessa
  6882 | D:6      | Reached skill level 5 in Dodging
  6891 | D:6      | Gained mutation: You are agile. (Dex +2) [hidden potential]
  6975 | D:6      | Found a staircase to the Ecumenical Temple.
  6985 | D:6      | Reached **** piety under Cheibriados
  7851 | D:7      | Found a flagged portal.
  7953 | Bailey   | Entered a bailey
  8033 | Bailey   | Reached skill level 7 in Spellcasting
  8048 | Bailey   | Reached XP level 10. HP: 68/77 MP: 4/20
  8389 | Bailey   | Noticed an orc knight
  8392 | Bailey   | Noticed an orc knight
  8416 | Bailey   | Killed an orc knight
  8417 | Bailey   | Reached skill level 5 in Short Blades
  8417 | Bailey   | Reached skill level 5 in Long Blades
  8417 | Bailey   | Reached skill level 5 in Axes
  8417 | Bailey   | Reached skill level 5 in Polearms
  8417 | Bailey   | Reached skill level 5 in Staves
  8417 | Bailey   | Reached skill level 5 in Slings
  8417 | Bailey   | Reached skill level 5 in Bows
  8417 | Bailey   | Reached skill level 5 in Crossbows
  8417 | Bailey   | Reached skill level 5 in Throwing
  8417 | Bailey   | Reached skill level 5 in Armour
  8417 | Bailey   | Reached skill level 5 in Stealth
  8417 | Bailey   | Reached skill level 5 in Shields
  8417 | Bailey   | Reached skill level 5 in Unarmed Combat
  8417 | Bailey   | Reached skill level 5 in Evocations
  8417 | Bailey   | Killed an orc knight
  8422 | Bailey   | Gained mutation: You possess an exceptional clarity of
                  | mind. [hidden potential]
  8422 | Bailey   | Lost mutation: You have hidden genetic potential. [hidden
                  | potential expressed]
  8546 | Bailey   | Identified the +1 ring mail of Asceticism {rPois SInv}
  8584 | Bailey   | Reached ***** piety under Cheibriados
  8592 | Bailey   | Noticed an orc knight
  8613 | Bailey   | Killed an orc knight
  8893 | Bailey   | Acquired 934 gold pieces
  8950 | Bailey   | Found an iron altar of Okawaru.
  8952 | Bailey   | Identified the +10 hand axe of Rueclecw {antimagic, rPois}
  8952 | Bailey   | Noticed an orc sorcerer
  8964 | Bailey   | Killed an orc sorcerer
  9012 | Bailey   | Got the Volume of Damaging Unholy Rites
  9017 | Bailey   | Learned a level 3 spell: Stone Arrow
  9024 | Bailey   | Learned a level 6 spell: Iron Shot
  9097 | Bailey   | Noticed an orc sorcerer
  9526 | D:7      | Learned a level 4 spell: Flame Wave
 10295 | D:8      | Noticed Erica
 10305 | D:8      | Reached XP level 11. HP: 31/84 MP: 5/22
 10309 | D:8      | Killed Erica
 10565 | D:8      | Reached skill level 5 in Conjurations
 10565 | D:8      | Reached skill level 5 in Hexes
 10565 | D:8      | Reached skill level 5 in Summonings
 10565 | D:8      | Reached skill level 5 in Necromancy
 10565 | D:8      | Reached skill level 5 in Translocations
 10565 | D:8      | Reached skill level 5 in Transmutations
 10565 | D:8      | Reached skill level 5 in Ice Magic
 10565 | D:8      | Reached skill level 5 in Air Magic
 10565 | D:8      | Reached skill level 5 in Earth Magic
 10565 | D:8      | Reached skill level 5 in Poison Magic
 10683 | D:8      | Noticed a two-headed ogre
 10689 | D:8      | Killed a two-headed ogre
 10690 | D:8      | Reached skill level 8 in Spellcasting
 11300 | D:9      | Found a staircase to the Orcish Mines.
 11327 | D:9      | Noticed a two-headed ogre
 11455 | D:9      | a two-headed ogre changed into a water nymph
 11462 | D:9      | Found a shadowy altar of Dithmenos.
 11462 | D:9      | HP: 2/86 [drowned by a water nymph (10)]
 11464 | D:9      | Slain by a steam dragon

Illustrated notes

Levels and vault maps discovered:
D:1:      lemuel_arrival_behind_the_door_small, layout_basic, serial_shops,
          shop, hellmonk_ecumenical_altar_blasted
D:2:      layout_rooms, basic_altar, uniq_jessica, uniq_natasha, uniq_sigmund
D:3:      wad_woods_pond, layout_basic, lemuel_crystal_altar, uniq_ijyb
D:4:      layout_cave_pods, nicolae_ossuary_entry_plus, minmay_surrounded
D:5:      layout_basic, trog_three_pillars_becter, uniq_edmund
D:6:      layout_gridville, minmay_temple_entry_purple_smoke,
          nicolae_water_bricks, minmay_misc_feat_ornament, minmay_crossroads,
          uniq_duvessa
D:7:      layout_gridville, enter_bailey_5, minmay_misc_feat_pillars
D:8:      layout_basic, nrook_loot_triangle, minmay_joined_circles, uniq_erica
D:9:      layout_cave_pools, grunt_dithmenos_smoke,
          grunt_temple_overflow_diamond, lair_entry_dummy, orc_0_dummy

Skill      XL: |  1  2  3  4  5  6  7  8  9 10 11 |
---------------+----------------------------------+-----
Spellcasting   | 5 6 7 8 |  8.1
Short Blades   | 1 2 3 4 5 6 |  6.2
Long Blades    | 1 2 3 4 5 6 |  6.2
Axes           | 1 2 3 4 5 6 |  6.2
Polearms       | 1 2 3 4 5 6 |  6.2
Staves         | 1 2 3 4 5 6 |  6.2
Slings         | 1 2 3 4 5 6 |  6.2
Bows           | 1 2 3 4 5 6 |  6.2
Crossbows      | 1 2 3 4 5 6 |  6.2
Throwing       | 1 2 3 4 5 6 |  6.2
Armour         | 1 2 3 4 5 6 |  6.2
Stealth        | 1 2 3 4 5 6 |  6.2
Shields        | 1 2 3 4 5 6 |  6.2
Unarmed Combat | 1 2 3 4 5 6 |  6.2
Evocations     | 1 2 3 4 5 6 |  6.2
Conjurations   | 1 2 3 4 5 |  5.1
Hexes          | 1 2 3 4 5 |  5.1
Summonings     | 1 2 3 4 5 |  5.1
Necromancy     | 1 2 3 4 5 |  5.1
Translocations | 1 2 3 4 5 |  5.1
Transmutations | 1 2 3 4 5 |  5.1
Ice Magic      | 1 2 3 4 5 |  5.1
Air Magic      | 1 2 3 4 5 |  5.1
Earth Magic    | 1 2 3 4 5 |  5.1
Poison Magic   | 1 2 3 4 5 |  5.1
Invocations    | 3 4 5 6 7 |  7.4
Fighting       | 5 6 7 |  7.8
Maces & Flails | 5 6 7 |  7.8
Dodging        | 3 4 5 6 |  6.8
Fire Magic     | 4 5 6 |  6.5

Action                   |  1- 3 |  4- 6 |  7- 9 | 10-12 || total
-------------------------+-------+-------+-------+-------++-------
Melee: Mace              |    60 |    67 |   344 |       ||   471
       Bite              |     6 |     4 |    52 |    16 ||    78
       Punch             |     1 |     2 |    16 |     6 ||    25
       Flail             |       |       |    39 |   108 ||   147
Throw: Dart              |       |     1 |     4 |       ||     5
       Boomerang         |       |       |     5 |     8 ||    13
 Cast: Foxfire           |     7 |    31 |    65 |    33 ||   136
       Mephitic Cloud    |       |       |     7 |    13 ||    20
       Call Imp          |       |       |     1 |     3 ||     4
       Magic Dart        |       |       |     1 |     2 ||     3
       Flame Wave        |       |       |       |    10 ||    10
       Ignite Poison     |       |       |       |     3 ||     3
Invok: Slouch            |       |       |     1 |       ||     1
Evoke: Wand              |       |       |     8 |    11 ||    19
  Use: Scroll            |     2 |     1 |    19 |     5 ||    27
       Potion            |       |       |     6 |     7 ||    13
 Stab: Sleeping          |     2 |     4 |     4 |     3 ||    13
       Distracted        |       |       |     1 |     1 ||     2
       Confused          |       |       |     5 |     4 ||     9
Armor: Robe              |     7 |    14 |   119 |     2 ||   142
       Skin              |       |       |    14 |       ||    14
       Ring mail         |       |       |       |    28 ||    28
Dodge: Dodged            |    28 |    46 |   257 |   103 ||   434
Block: Buckler           |       |       |       |    26 ||    26
